 Dungeon Crawl Stone Soup version 0.28-a0-95-g65e1ffefe4 (webtiles) character file.

Game seed: 12182290498252487767

67141 dracfodder the Brawler (level 14, -1/133 HPs)
             Began as a Troll Berserker on Aug 8, 2021.
             Was a High Priest of Trog.
             Slain by an ettin (31 damage)
             ... on level 2 of the Orcish Mines.
             The game lasted 01:17:17 (16894 turns).

dracfodder the Brawler (Troll Berserker)           Turns: 16894, Time: 01:17:18

Health: -1/133     AC: 19    Str: 37    XL:     14   Next: 81%
Magic:  0/13       EV: 15    Int:  5    God:    Trog [*****.]
Gold:   1953       SH:  0    Dex:  9    Spells: 13/13 levels left

rFire   . . .      SeeInvis .     - Unarmed
rCold   . . .      Faith    .   (no shield)
rNeg    . . .      Spirit   +   H - quicksilver dragon scales
rPois   .          Reflect  .   c - +2 hat
rElec   .          Harm     .   g - +2 cloak
rCorr   .          Rampage  .   (gloves unavailable)
Will    ++...                   (boots unavailable)
Stlth   ++........              d - amulet of guardian spirit
HPRegen 1.32/turn               l - ring of the Princess {EV+4 Str+3}
MPRegen 0.13/turn               f - +6 ring of strength

@: on berserk cooldown, slowed, very slow
A: large, unfitting armour, claws 3, regeneration 1, shaggy fur 1, tough skin 1,
weak 1
a: Renounce Religion, Berserk, Trog's Hand, Brothers in Arms


You were on level 2 of the Orcish Mines.
You worshipped Trog.
Trog was extremely pleased with you.
You visited 4 branches of the dungeon, and saw 21 of its levels.
You also visited: Sewer, Ossuary and Volcano.

You collected 1953 gold pieces.

Inventory:

Hand Weapons
 a - a +3 hunting sling of flaming
 b - a +0 spear of electrocution
 E - a +3 lajatang
 N - a +2 great mace of flaming
 O - a +3 scimitar of flaming
 P - a +2 broad axe of flaming
 R - a +2 morningstar of freezing
Missiles
 e - 521 stones
 h - 111 poisoned darts
 o - 4 silver boomerangs
 q - 5 boomerangs of dispersal
 v - 3 throwing nets
 D - 19 large rocks (quivered)
 F - 20 boomerangs
 J - 79 sling bullets
 U - 5 javelins
Armour
 c - a +2 hat (worn)
 g - a +2 cloak (worn)
 H - quicksilver dragon scales (worn)
 L - a +4 troll leather armour
Jewellery
 d - an amulet of guardian spirit (around neck)
 f - a +6 ring of strength (right claw)
 l - the ring of the Princess (left claw) {EV+4 Str+3}
   (You found it on level 4 of the Dungeon)

   [ring of evasion]

   EV:        It affects your evasion (+4).
   Str:       It affects your strength (+3).
 s - a +6 ring of dexterity
 t - a ring of protection from fire
 w - a ring of resist corrosion
Wands
 C - a wand of paralysis (5)
 S - a wand of mindburst (20)
 T - a wand of acid (6)
 V - a wand of flame (21)
 W - a wand of digging (7)
Scrolls
 i - 5 scrolls of enchant weapon
 m - a scroll of fear
 u - 12 scrolls of identify
 y - a scroll of blinking
 I - 6 scrolls of teleportation
 K - a scroll of fog
Potions
 j - a potion of brilliance
 k - 10 potions of curing
 n - 2 potions of heal wounds
 p - 2 potions of might
 r - 3 potions of magic
 x - 2 potions of lignification
 z - 3 potions of berserk rage
 A - 3 potions of haste
 B - 2 potions of flight
 G - 2 potions of cancellation
 M - a potion of invisibility
 Q - a potion of resistance


   Skills:
 * Level 7.0 Fighting
 + Level 4.5 Throwing
 + Level 6.7 Armour
 + Level 9.8 Dodging
 + Level 4.3 Stealth
 + Level 18.5 Unarmed Combat
 + Level 1.2 Evocations


You had 13 spell levels left.
You didn't know any spells.
Your spell library was empty.

Dungeon Overview and Level Annotations

Branches:
Dungeon (12/15)            Temple (0/1) D:6            Lair (6/6) D:9
 Shoals (0/4) Lair:4        Snake (1/4) Lair:4        Slime (0/5) Lair:5
    Orc (2/2) D:12            Elf (0/3) Orc:2         Sewer (visited)
Ossuary (visited)         Volcano (visited)

Altars:
Nemelex Xobeh
Zin
Beogh
Lugonu

Shops:
Orc:2 **

Portals:
Abyss: Lair:6
Ice
Cave: Orc:2


Innate Abilities, Weirdness & Mutations

You are too large for most types of armour.
You have claws for hands.
Your natural rate of healing is unusually fast.
You are covered in fur. (AC +1)
You have tough skin. (AC +1)
You are weak. (Str -2)


Message History

You kill the troll!
Trog accepts your kill.
The troll leather armour is intact enough to wear.
An ogre comes into view. It is wielding a +0 giant spiked club.
You closely miss the troll. The troll misses you. The troll claws you!
The troll closely misses you.
You completely miss the troll.
A deep troll comes into view.
The troll bites you. The troll claws you. The troll closely misses you.
The ettin splashes around in the water. x2
The deep troll shouts!
You claw the ettin!
The ettin is moderately wounded.
The ettin closely misses you. The ettin barely misses you.
You scratch the ettin. Your claw misses the ettin.
The ettin is moderately wounded.
Your skin stops crawling.
You feel less strong-willed.
The ettin hits you with a +0 great mace.
The ettin barely misses you.
An ogre mage comes into view. It is wielding a +0 flail of venom.
The ogre mage shouts!
You scratch the ettin but do no damage.
The ettin is moderately wounded.
The troll barely misses you. The troll closely misses you.
The troll misses you. The deep troll barely misses you.
The deep troll claws you!
The deep troll claws you but does no damage.
The ettin hits you with a +0 great mace.
The ettin splashes around in the water.
The deep troll bites you but does no damage.
The deep troll claws you. The deep troll claws you!
* * * LOW HITPOINT WARNING * * *
The troll bites you!
* * * LOW HITPOINT WARNING * * *
The troll claws you but does no damage. The troll misses you.
Items here: ))) [ †.
The cyclops throws a large rock.
The large rock misses you. The troll misses you.
The troll claws you but does no damage. x2
The ettin hits you with a +0 great mace!!
You die...

.....#)).......#..,,*,,,*,**
......))).........,,,##..,,***
........).....#...*,#....,,,,**
......)))......#..,*....,,,,,,*
......).#.........##..#**,,*,****
.....###....≈≈≈≈≈.....#**,,,***,*
.....# ##...≈#####)..##.#.,,**,,,
..#.##**#...≈#∩..CO).....#,**,,,*
..####>*#...≈#..@TT≈T...#,,,*,,**
.## #....#..≈#...≈#[O.....,,,,,*
.# ##.......#†.≈#≈T......,,,,,**
## ###.#.#....#≈.C......,,*,**,
## *#.####..≈..........,,,*,,, .#
*.,,*#....#.....O...,∩,,,,, ##
##,**#..#...$.......,,,,,,, ##
****...............,,,,,,, .#**
##...........,,,,,,,,,,


You could see an ettin, a two-headed ogre, an ogre mage, 2 deep trolls, a
cyclops, 2 trolls and an ogre.

Vanquished Creatures
  Gastronok (Lair:1)
  A stone giant (Volcano)
  3 boulder beetles
  3 hydras
  An ogre mage (Orc:2)
  A centaur warrior (D:12)
  9 two-headed ogres
  4 thrashing horrors (Lair:6)
  Urug (D:11)
  An orc knight (D:10)
  A lindwurm (Lair:3)
  2 deep elf pyromancers
  2 orc sorcerers
  3 manticores
  4 cyclopes
  2 ugly things (Lair:6)
  5 elephants
  6 black mambas
  A smoke demon (Lair:6)
  A gargoyle (Volcano)
  15 cane toads
  4 rime drakes
  A kobold demonologist (D:12)
  A yaktaur (shapeshifter) (Lair:6)
  8 komodo dragons
  A tengu conjurer (D:10)
  8 trolls
  2 polar bears
  2 ancient zymes (Lair:6)
  4 meliai
  A hornet (D:8)
  25 blink frogs
  Prince Ribbit (Lair:3)
  A centaur simulacrum (D:11)
  3 slime creatures (D:12)
  5 wyverns
  A spriggan (shapeshifter) (Lair:6)
  2 shadows
  2 ynoxinuls (Lair:6)
  36 yaks
  3 basilisks
  3 vampire mosquitoes (D:11)
  2 chaos spawn (Lair:6)
  A neqoxec (Volcano)
  14 water moccasins
  3 acid dragons
  3 black bears
  Purgy (Sewer)
  2 ice beasts
  2 hornet zombies
  18 orc warriors
  15 ogres
  5 boggarts (D:12)
  12 centaurs
  18 wolves
  A phantom (D:5)
  3 kobold brigands
  13 small abominations (Lair:6)
  16 bullfrogs
  An earth elemental (Volcano)
  A gnoll sergeant (D:8)
  5 scorpions
  A water moccasin zombie (D:7)
  A water moccasin skeleton (D:5)
  17 killer bees
  4 howler monkeys
  An electric eel (Lair:2)
  A bullfrog zombie (D:5)
  A bullfrog skeleton (D:6)
  3 centaur zombies
  A centaur skeleton (D:6)
  3 gnoll shamans
  4 hounds (D:6)
  A jelly (D:5)
  16 orc priests
  2 iguanas
  17 orc wizards
  5 hell rats
  A killer bee zombie (D:7)
  A hound zombie (Ossuary)
  4 mummies (Ossuary)
  2 howler monkey zombies
  17 gnolls
  A howler monkey skeleton (D:7)
  5 adders
  11 river rats (Lair:3)
  A white imp (D:8)
  An adder zombie (Ossuary)
  7 worms
  A dart slug (D:3)
  52 orcs
  5 ball pythons
  5 endoplasms
  3 giant cockroaches
  9 goblins
  5 hobgoblins
  11 jackals
  20 kobolds
  4 quokkas
  7 bats
  8 frilled lizards
  3 gnoll zombies (Ossuary)
  2 hobgoblin zombies (Ossuary)
  2 jackal zombies (Ossuary)
  2 kobold zombies (Ossuary)
  An orc zombie (Ossuary)
  A quokka skeleton (D:4)
  8 rats
595 creatures vanquished.

Vanquished Creatures (collateral kills)
  A hydra (Lair:2)
  A cyclops (Orc:2)
  A gargoyle (Volcano)
  2 water moccasins
  A wolf (Lair:6)
  An ogre (Orc:2)
  A gnoll sergeant (Orc:1)
  An earth elemental (Volcano)
  A hell rat (Lair:3)
  2 gnolls (Orc:1)
  2 orcs (Orc:1)
14 creatures vanquished.

Vanquished Creatures (others)
  A kobold (D:12)
  13 fungi
  24 plants
38 creatures vanquished.

Grand Total: 647 creatures vanquished

Notes
Turn   | Place    | Note
-------+----------+-------------------------------------------
     0 | D:1      | dracfodder the Troll Berserker began the quest for the Orb.
     0 | D:1      | Reached XP level 1. HP: 22/22 MP: 0/0
   159 | D:1      | Reached XP level 2. HP: 29/29 MP: 1/1
   571 | D:1      | Found a faded altar of an unknown god.
   663 | D:1      | Reached ** piety under Trog
   973 | D:2      | Reached XP level 3. HP: 36/36 MP: 2/2
  1008 | D:3      | Found a glowing drain.
  1041 | Sewer    | Entered a sewer
  1063 | Sewer    | Reached skill level 4 in Unarmed Combat
  1064 | Sewer    | Noticed Purgy
  1082 | Sewer    | Killed Purgy
  1083 | Sewer    | Reached XP level 4. HP: 34/45 MP: 3/3
  1083 | Sewer    | Reached XP level 5. HP: 41/53 MP: 4/4
  1335 | D:4      | Noticed an ogre
  1347 | D:4      | Killed an ogre
  1348 | D:4      | Reached skill level 5 in Unarmed Combat
  1359 | D:4      | Reached XP level 6. HP: 7/61 MP: 5/5
  1421 | D:4      | Identified the ring of the Princess {EV+4 Str+3}
  1598 | D:4      | Reached skill level 6 in Unarmed Combat
  1688 | D:4      | Reached XP level 7. HP: 51/67 MP: 6/6
  1769 | D:4      | Found a sand-covered staircase.
  1774 | Ossuary  | Entered an ossuary
  1809 | Ossuary  | Reached *** piety under Trog
  2130 | D:3      | Reached skill level 7 in Unarmed Combat
  2378 | D:2      | Found a glowing silver altar of Zin.
  3075 | D:5      | Entered Level 5 of the Dungeon
  3160 | D:5      | Reached XP level 8. HP: 75/75 MP: 7/7
  3222 | D:5      | Reached skill level 8 in Unarmed Combat
  3249 | D:5      | Reached skill level 1 in Stealth
  3306 | D:5      | Reached **** piety under Trog
  3323 | D:5      | Reached skill level 5 in Dodging
  3580 | D:6      | Found a staircase to the Ecumenical Temple.
  3671 | D:6      | Reached skill level 9 in Unarmed Combat
  3993 | D:6      | Reached XP level 9. HP: 83/83 MP: 8/8
  4125 | D:7      | Reached skill level 10 in Unarmed Combat
  4834 | D:8      | Reached ***** piety under Trog
  4987 | D:8      | Reached skill level 11 in Unarmed Combat
  5718 | D:9      | Reached XP level 10. HP: 92/92 MP: 9/9
  5833 | D:9      | Found a staircase to the Lair.
  5837 | D:10     | Entered Level 10 of the Dungeon
  5861 | Lair:1   | Entered Level 1 of the Lair of Beasts
  6099 | D:9      | Reached skill level 12 in Unarmed Combat
  6125 | D:9      | Noticed a two-headed ogre
  6146 | D:9      | Killed a two-headed ogre
  7025 | Lair:1   | Noticed Gastronok
  7040 | Lair:1   | Killed Gastronok
  7041 | Lair:1   | Reached skill level 1 in Throwing
  7041 | Lair:1   | Reached skill level 1 in Armour
  7041 | Lair:1   | Reached skill level 13 in Unarmed Combat
  7041 | Lair:1   | Reached XP level 11. HP: 101/101 MP: 6/10
  7698 | Lair:2   | Noticed a seven-headed hydra
  7705 | Lair:2   | Killed an eight-headed hydra
  8171 | Lair:2   | Reached skill level 1 in Evocations
  8384 | Lair:3   | Noticed Prince Ribbit
  8398 | Lair:3   | Killed Prince Ribbit
  8419 | Lair:3   | Noticed a boulder beetle
  8422 | Lair:3   | Noticed a five-headed hydra
  8434 | Lair:3   | Killed an eight-headed hydra
  8461 | Lair:3   | Reached skill level 14 in Unarmed Combat
  8512 | Lair:3   | Killed a boulder beetle
  8513 | Lair:3   | Reached XP level 12. HP: 110/110 MP: 11/11
  9064 | Lair:3   | Reached skill level 5 in Fighting
  9544 | Lair:4   | Found a staircase to the Snake Pit.
  9626 | Lair:4   | Received a gift from Trog
  9740 | Lair:4   | Found a staircase to the Shoals.
 10207 | Lair:4   | Reached skill level 15 in Unarmed Combat
 10257 | Lair:4   | Noticed a boulder beetle
 10271 | Lair:4   | Killed a boulder beetle
 10759 | Snake:1  | Entered Level 1 of the Snake Pit
 10813 | Lair:5   | Found a transporter.
 10814 | Lair:5   | Found a transporter.
 10814 | Lair:5   | Noticed a boulder beetle
 10825 | Lair:5   | Killed a boulder beetle
 11027 | Lair:5   | Found a dark tunnel.
 11036 | Volcano  | Entered a volcano
 11077 | Volcano  | Gained mutation: You tend to lose your temper in combat. [a
                  | neqoxec]
 11157 | Volcano  | Noticed a stone giant
 11167 | Volcano  | Killed a stone giant
 11179 | Volcano  | Identified the +0 pair of boots of Linn {Str+3}
 11382 | Lair:5   | Lost mutation: You tend to lose your temper in combat.
                  | [potion of mutation]
 11382 | Lair:5   | Gained mutation: You are weak. (Str -2) [potion of
                  | mutation]
 11562 | Lair:5   | Reached XP level 13. HP: 105/118 MP: 9/12
 11787 | Lair:5   | Found a staircase to the Slime Pits.
 11861 | Lair:6   | Entered Level 6 of the Lair of Beasts
 11932 | Lair:6   | Reached skill level 5 in Armour
 11999 | Lair:6   | Reached skill level 16 in Unarmed Combat
 12647 | Lair:6   | Reached skill level 17 in Unarmed Combat
 12734 | Lair:6   | Found a corrupted altar of Lugonu.
 12734 | Lair:6   | Found a one-way gate to the infinite horrors of the Abyss.
 13143 | Lair:6   | Received a gift from Trog
 13504 | D:10     | Reached XP level 14. HP: 126/127 MP: 13/13
 14115 | D:10     | Found a sparkling altar of Nemelex Xobeh.
 14793 | D:11     | Noticed Urug
 14797 | D:11     | Killed Urug
 15377 | D:12     | Found a staircase to the Orcish Mines.
 15405 | D:12     | Received a gift from Trog
 16176 | D:12     | Reached skill level 18 in Unarmed Combat
 16254 | Orc:1    | Entered Level 1 of the Orcish Mines
 16665 | Orc:2    | Entered Level 2 of the Orcish Mines
 16680 | Orc:2    | Found Vetterepott's Gadget Gallery.
 16811 | Orc:2    | Found a staircase to the Elven Halls.
 16814 | Orc:2    | Found a frozen archway.
 16814 | Orc:2    | Found Qiyjykoa's General Store.
 16826 | Orc:2    | Received a gift from Trog
 16894 | Orc:2    | Slain by an ettin

Illustrated notes

Levels and vault maps discovered:
D:1:      saegor_arrival_simple_d, layout_loops_ring, serial_forest,
          infiniplex_forest_lined_ring, infiniplex_forest_clump_tiny,
          infiniplex_forest_straight_4, infiniplex_forest_end_1,
          infiniplex_forest_zigzag_1, infiniplex_forest_end_3,
          shapermc_ecumenical_altar_rom_forum, minivault_14, st_stairs_7,
          corner_web_ring
D:2:      layout_rooms, basic_altar
D:3:      layout_loops_ring, cheibrodos_sewer_entry_sluice
D:4:      layout_rooms, nicolae_ossuary_entry_false_entrances
D:5:      layout_cave_pools
D:6:      layout_loops_cross, minmay_temple_entry_arrows
D:7:      layout_basic
D:8:      layout_gridville
D:9:      layout_basic, lair_entry_dummy
D:10:     minmay_bloctagon, layout_basic,
          mainiacjoe_overflow_concentric_impassable, special_room
          [special_room_orc]
D:11:     layout_loops_ring, uniq_urug
D:12:     lemuel_flame_loot_2, layout_grid_maze, orc_0_dummy
Lair:1:   layout_roguey, uniq_gastronok
Lair:2:   layout_regular_city, serial_bayou_shore_a, grunt_megastairs_2,
          infiniplex_staircase_pool_2
Lair:3:   layout_hall_layers, kennysheep_rathole, uniq_prince_ribbit2
Lair:4:   layout_layer_cave, minmay_shoals_entry_centaurs, dummy_snake_entry,
          minivault_27, grunt_megastairs_4
Lair:5:   gammafunk_boulding_lane, layout_misc_corridors,
          dpeg_slime_entry_corner, enter_volcano_1
Lair:6:   hellmonk_lair_end_abyssal_woods, layout_gridlike,
          chequers_serial_rivers_micro_e
Snake:1:  layout_layer_cave, nicolae_snake_ghostly_warrior_ritual,
          serial_bayou_shore_b, grunt_megastairs_1, minmay_shop_star, uniq_aizul
Orc:1:    layout_caves, basic_altar
Orc:2:    st_orc_open, layout_caves, serial_shops, shop, portal_ice_cave_rime,
          nicolae_shop_gadgets

Skill      XL: |  1  2  3  4  5  6  7  8  9 10 11 12 13 14 |
---------------+-------------------------------------------+-----
Unarmed Combat | 4 5 6 7 9 11 13 14 15 17 18 | 18.5
Fighting       | 3 4 5 7 |  7.0
Dodging        | 3 4 5 6 7 8 9 |  9.8
Stealth        | 1 2 3 4 |  4.3
Throwing       | 1 2 3 4 |  4.5
Armour         | 1 4 6 |  6.7
Evocations     | 1 |  1.2

Action                   |  1- 3 |  4- 6 |  7- 9 | 10-12 | 13-15 || total
-------------------------+-------+-------+-------+-------+-------++-------
Melee: Unarmed           |    85 |    74 |   321 |   433 |   688 ||  1601
       Punch             |     2 |     1 |    16 |    45 |    64 ||   128
Throw: Large rock        |     1 |       |       |    18 |       ||    19
       Boomerang         |       |       |       |     2 |       ||     2
       Dart              |       |       |       |     6 |    48 ||    54
Invok: Berserk           |     1 |       |     3 |     6 |     7 ||    17
       Trog's Hand       |       |       |     3 |     5 |     5 ||    13
       Brothers in Arms  |       |       |       |     4 |     3 ||     7
Evoke: Wand              |       |       |       |     9 |     3 ||    12
  Use: Scroll            |     1 |     2 |    11 |    13 |     2 ||    29
       Potion            |       |     2 |     2 |     6 |     2 ||    12
 Stab: Sleeping          |       |       |     5 |     3 |       ||     8
       Distracted        |       |       |     1 |     1 |     1 ||     3
Armor: Animal skin       |    46 |     9 |    94 |    16 |       ||   165
       Troll leather arm |       |       |       |    93 |     3 ||    96
       Skin              |       |       |       |    44 |       ||    44
       Quicksilver drago |       |       |       |       |   263 ||   263
Dodge: Dodged            |    50 |    64 |   289 |   313 |   472 ||  1188

Table legend: (Time is in decaauts)
 A = Elapsed time spent in this place.
 B = Non-inter-level travel time spent in this place.
 C = Inter-level travel time spent in this place.
 D = Time resting spent in this place.
 E = Time spent auto-exploring this place.
 F = Levels seen in this place.
 G = Mean time per level.
                   A        B        C        D        E       F      G
               +--------+--------+--------+--------+--------+-----+--------+
         Total |  16721 |  16087 |    634 |    732 |  11281 |  24 |  696.7 |
       Dungeon |   8898 |   8513 |    385 |    357 |   6223 |  12 |  741.5 |
          Lair |   6448 |   6209 |    239 |    212 |   4708 |   6 | 1074.7 |
     Snake Pit |      1 |      1 |      0 |      0 |      0 |   1 |    1.0 |
  Orcish Mines |    583 |    573 |     10 |     59 |    232 |   2 |  291.5 |
         Sewer |    307 |    307 |      0 |     11 |     89 |   1 |  307.0 |
       Ossuary |    201 |    201 |      0 |      0 |      0 |   1 |  201.0 |
       Volcano |    280 |    280 |      0 |     93 |     29 |   1 |  280.0 |
               +--------+--------+--------+--------+--------+-----+--------+

Top non-repeatable levels by time:
  Lair:6: 1400 daAuts
    D:10: 1250 daAuts
  Lair:4: 1216 daAuts
  Lair:3: 1178 daAuts
  Lair:2: 978 daAuts
     D:1: 968 daAuts
    D:12: 951 daAuts
     D:9: 917 daAuts
     D:8: 893 daAuts
  Lair:1: 845 daAuts
  Lair:5: 829 daAuts
     D:7: 733 daAuts
     D:4: 678 daAuts
     D:3: 600 daAuts
    D:11: 557 daAuts
